TOP OF THE 1ST |
Memphis Blues batting - Pitching for Beaumont Roughnecks : RHP José Salinas
|
Pitching: RHP José Salinas
|
|
Batting: RHB Peyton Pennington
|
0-0: Ground out 5-3 (Groundball, 56)
|
Batting: RHB Jaime Spiridon
|
0-0: Ball 1-0: Fly out, F8 (Flyball, 8LS)
|
Batting: RHB Sadao Kato
|
0-0: Fly out, F9 (Flyball, 89M)
|
Top of the 1st over - 0 run(s), 0 hit(s), 0 error(s), 0 left on base; Memphis 0 - Beaumont 0 |
BOTTOM OF THE 1ST |
Beaumont Roughnecks batting - Pitching for Memphis Blues : RHP Lloyd Harmon
|
Pitching: RHP Lloyd Harmon
|
|
Batting: LHB Tony Rivera
|
0-0: Swinging Strike 0-1: Swinging Strike 0-2: Ball 1-2: Foul Ball, location: 2F 1-2: Ball 2-2: Foul Ball, location: 2F 2-2: Foul Ball, location: 2F 2-2: Strikes out swinging, 2-3 out at first.
|
Batting: RHB Jeff Mason
|
0-0: Ball 1-0: SINGLE (Line Drive, 6MD)
|
Batting: RHB Anthony Hezell
|
0-0: Ball 1-0: Ball 2-0: Foul Ball, location: 2F 2-1: Foul Ball, location: 2F 2-2: Ball Wild Pitch! Jeff Mason to second 3-2: SINGLE (Flyball, 7LS) Jeff Mason to third Runner from 3rd tries for Home, SAFE, no throw
|
Batting: LHB Cam Flowers
|
0-0: Ground out 3-1 (Groundball, 34) Anthony Hezell to second
|
Batting: RHB Benjamin Lawson
|
0-0: Called Strike 0-1: Ball 1-1: Swinging Strike 1-2: Strikes out swinging
|
Bottom of the 1st over - 1 run(s), 2 hit(s), 0 error(s), 1 left on base; Memphis 0 - Beaumont 1 |
TOP OF THE 2ND |
Memphis Blues batting - Pitching for Beaumont Roughnecks : RHP José Salinas
|
Batting: RHB Glenn Melican
|
0-0: Ball 1-0: SINGLE (Line Drive, 8LS)
|
Batting: RHB Irwin Duncan
|
0-0: Called Strike 0-1: Foul Ball, location: 2F 0-2: Ball 1-2: Ball 2-2: Strikes out looking
|
Batting: RHB Artie Green
|
0-0: Ball 1-0: Ball 2-0: Called Strike 2-1: Called Strike 2-2: Ball 3-2: 2-RUN HOME RUN (Flyball, 78XD), Distance : 429 ft
|
Batting: RHB José Velázquez
|
0-0: Ball 1-0: Foul Ball, location: 2F 1-1: Ball 2-1: Ball 3-1: Base on Balls
|
Batting: RHB Chase Mueller
|
0-0: Ball 1-0: Called Strike 1-1: Ball 2-1: Foul Ball, location: 2F 2-2: Foul Ball, location: 2F 2-2: Ball 3-2: Strikes out swinging
|
Batting: RHB Salvador Mendoza
|
0-0: Ball 1-0: Ball 2-0: Foul Ball, location: 2F 2-1: Ball 3-1: Base on Balls José Velázquez to second
|
Batting: RHB Peyton Pennington
|
0-0: Called Strike 0-1: Ball 1-1: Foul Ball, location: 2F 1-2: Ball 2-2: Ground out 6-3 (Groundball, 6S)
|
Top of the 2nd over - 2 run(s), 2 hit(s), 0 error(s), 2 left on base; Memphis 2 - Beaumont 1 |
BOTTOM OF THE 2ND |
Beaumont Roughnecks batting - Pitching for Memphis Blues : RHP Lloyd Harmon
|
Batting: RHB Miguel Costa
|
0-0: Swinging Strike 0-1: Foul Ball, location: 2F 0-2: Foul Ball, location: 2F 0-2: Ball 1-2: Ball 2-2: Ball 3-2: Fly out, F7 (Flyball, 7S)
|
Batting: RHB Franklin Lawrence
|
0-0: Ground out 4-3 (Groundball, 4)
|
Batting: RHB Albert Alemán
|
0-0: Ball 1-0: Ball 2-0: Ball 3-0: Base on Balls
|
Batting: RHB Darwin Crane
|
0-0: Called Strike 0-1: Called Strike 0-2: Ball 1-2: Strikes out swinging
|
Bottom of the 2nd over - 0 run(s), 0 hit(s), 0 error(s), 1 left on base; Memphis 2 - Beaumont 1 |
TOP OF THE 3RD |
Memphis Blues batting - Pitching for Beaumont Roughnecks : RHP José Salinas
|
Batting: RHB Jaime Spiridon
|
0-0: Ball 1-0: Ground out 6-3 (Groundball, 6)
|
Batting: RHB Sadao Kato
|
0-0: Ball 1-0: Ground out 5-3 (Groundball, 5L)
|
Batting: RHB Glenn Melican
|
0-0: Fly out, F8 (Line Drive, 89M)
|
Top of the 3rd over - 0 run(s), 0 hit(s), 0 error(s), 0 left on base; Memphis 2 - Beaumont 1 |
BOTTOM OF THE 3RD |
Beaumont Roughnecks batting - Pitching for Memphis Blues : RHP Lloyd Harmon
|
Batting: LHB Tony Rivera
|
0-0: Ball 1-0: Ball 2-0: Fly out, F7 (Flyball, 7S)
|
Batting: RHB Jeff Mason
|
0-0: Called Strike 0-1: Ball 1-1: Swinging Strike 1-2: Strikes out swinging
|
Batting: RHB Anthony Hezell
|
0-0: Ball 1-0: Ball 2-0: Called Strike 2-1: Ball 3-1: Base on Balls
|
Batting: LHB Cam Flowers
|
0-0: Ball 1-0: Called Strike 1-1: Ground out U3 (Groundball, 3L)
|
Bottom of the 3rd over - 0 run(s), 0 hit(s), 0 error(s), 1 left on base; Memphis 2 - Beaumont 1 |
TOP OF THE 4TH |
Memphis Blues batting - Pitching for Beaumont Roughnecks : RHP José Salinas
|
Batting: RHB Irwin Duncan
|
0-0: Ball 1-0: Fly out, F7 (Flyball, 7LDF)
|
Batting: RHB Artie Green
|
0-0: Swinging Strike 0-1: Ball 1-1: Ground out 6-3 (Groundball, 6)
|
Batting: RHB José Velázquez
|
0-0: Called Strike 0-1: Foul Ball, location: 2F 0-2: Ball 1-2: Ball 2-2: Ball 3-2: Foul Ball, location: 2F 3-2: Fly out, F8 (Flyball, 8RM)
|
Top of the 4th over - 0 run(s), 0 hit(s), 0 error(s), 0 left on base; Memphis 2 - Beaumont 1 |
BOTTOM OF THE 4TH |
Beaumont Roughnecks batting - Pitching for Memphis Blues : RHP Lloyd Harmon
|
Batting: RHB Benjamin Lawson
|
0-0: Ball 1-0: Ball 2-0: Ball 3-0: Base on Balls
|
Batting: RHB Miguel Costa
|
0-0: Swinging Strike 0-1: Ball 1-1: Fly out, F9 (Flyball, 9LMF)
|
Batting: RHB Franklin Lawrence
|
0-0: Ball 1-0: Called Strike 1-1: Ball 2-1: Ball 3-1: Ground out U3 (Groundball, 34S) Benjamin Lawson to second
|
Batting: RHB Albert Alemán
|
0-0: Called Strike 0-1: Ball 1-1: Ball 2-1: Ball 3-1: Called Strike 3-2: SINGLE (Line Drive, 8RS) Benjamin Lawson to third Benjamin Lawson scores
|
Batting: RHB Darwin Crane
|
0-0: Fielders Choice at 2nd, 6-4 (Groundball, 6)
|
Bottom of the 4th over - 1 run(s), 1 hit(s), 0 error(s), 0 left on base; Memphis 2 - Beaumont 2 |
TOP OF THE 5TH |
Memphis Blues batting - Pitching for Beaumont Roughnecks : RHP José Salinas
|
Batting: RHB Chase Mueller
|
0-0: Fly out, F7 (Flyball, 78S)
|
Batting: RHB Salvador Mendoza
|
0-0: Ground out 4-3 (Groundball, 4)
|
Batting: RHB Peyton Pennington
|
0-0: Swinging Strike 0-1: Ball 1-1: Foul Ball, location: 2F 1-2: Ball 2-2: Ball 3-2: Strikes out swinging
|
Top of the 5th over - 0 run(s), 0 hit(s), 0 error(s), 0 left on base; Memphis 2 - Beaumont 2 |
BOTTOM OF THE 5TH |
Beaumont Roughnecks batting - Pitching for Memphis Blues : RHP Lloyd Harmon
|
Batting: LHB Tony Rivera
|
0-0: Swinging Strike 0-1: Ball 1-1: Ground out U3 (Groundball, 3)
|
Batting: RHB Jeff Mason
|
0-0: Fly out, F9 (Flyball, 89D)
|
Batting: RHB Anthony Hezell
|
0-0: Fly out, F8 (Flyball, 8RS)
|
Bottom of the 5th over - 0 run(s), 0 hit(s), 0 error(s), 0 left on base; Memphis 2 - Beaumont 2 |
TOP OF THE 6TH |
Memphis Blues batting - Pitching for Beaumont Roughnecks : RHP José Salinas
|
Batting: RHB Jaime Spiridon
|
0-0: Ball 1-0: Ball 2-0: Called Strike 2-1: Ball 3-1: Base on Balls
|
Batting: RHB Sadao Kato
|
0-0: Ball 1-0: Ball 2-0: Grounds into double play, 5-4-3 (Groundball, 56)
|
Batting: RHB Glenn Melican
|
0-0: Foul Ball, location: 2F 0-1: Foul Ball, location: 2F 0-2: Fly out, F8 (Flyball, 8LM)
|
Top of the 6th over - 0 run(s), 0 hit(s), 0 error(s), 0 left on base; Memphis 2 - Beaumont 2 |
BOTTOM OF THE 6TH |
Beaumont Roughnecks batting - Pitching for Memphis Blues : RHP Lloyd Harmon
|
Batting: LHB Cam Flowers
|
0-0: Called Strike 0-1: Ball 1-1: Ball 2-1: DOUBLE (Line Drive, 9LM)
|
Batting: RHB Benjamin Lawson
|
0-0: Ball 1-0: Ball 2-0: Ball 3-0: Called Strike 3-1: Base on Balls
|
Batting: RHB Miguel Costa
|
0-0: Swinging Strike 0-1: Ball 1-1: Ball 2-1: Ball 3-1: Called Strike 3-2: Strikes out swinging
|
Batting: RHB Franklin Lawrence
|
0-0: Ball 1-0: Swinging Strike 1-1: Ball 2-1: Ball 3-1: Base on Balls Cam Flowers to third Benjamin Lawson to second
|
Pitching: RHP David Bates
|
|
Batting: RHB Albert Alemán
|
0-0: Called Strike 0-1: Ball 1-1: Foul Ball, location: 2F 1-2: Ball 2-2: Strikes out swinging
|
Batting: RHB Darwin Crane
|
0-0: Ball 1-0: Ball 2-0: Swinging Strike 2-1: Called Strike 2-2: Foul Ball, location: 2F 2-2: Strikes out swinging
|
Bottom of the 6th over - 0 run(s), 1 hit(s), 0 error(s), 3 left on base; Memphis 2 - Beaumont 2 |
TOP OF THE 7TH |
Memphis Blues batting - Pitching for Beaumont Roughnecks : RHP José Salinas
|
Pinch Hitting: LHB John Foster
|
0-0: Fly out, F4 (Line Drive, 4)
|
Pinch Hitting: RHB Lorenzo Mota
|
0-0: Ball 1-0: SINGLE (Line Drive, 4)
|
Pinch Hitting: LHB Alan McGilroy
|
0-0: Ball Lorenzo Mota is caught stealing 2nd base 1-0: Called Strike 1-1: Swinging Strike 1-2: Strikes out swinging
|
Top of the 7th over - 0 run(s), 1 hit(s), 0 error(s), 0 left on base; Memphis 2 - Beaumont 2 |
BOTTOM OF THE 7TH |
Beaumont Roughnecks batting - Pitching for Memphis Blues : RHP David Bates
|
Now at 1B: Alan McGilroy
|
|
Now in CF: Mark Folger
|
|
Now in RF: John Foster
|
|
Batting: LHB Tony Rivera
|
0-0: Ball 1-0: Ball 2-0: Foul Ball, location: 2F 2-1: Foul Ball, location: 2F 2-2: Ball 3-2: Fly out, F8 (Flyball, 8RD)
|
Batting: RHB Jeff Mason
|
0-0: Called Strike 0-1: Swinging Strike 0-2: Strikes out looking
|
Batting: RHB Anthony Hezell
|
0-0: Ball 1-0: Ground out 5-3 (Groundball, 56S)
|
Bottom of the 7th over - 0 run(s), 0 hit(s), 0 error(s), 0 left on base; Memphis 2 - Beaumont 2 |
TOP OF THE 8TH |
Memphis Blues batting - Pitching for Beaumont Roughnecks : RHP José Salinas
|
Batting: RHB Chase Mueller
|
0-0: Foul Ball, location: 2F 0-1: Swinging Strike 0-2: Fly out, F8 (Flyball, 8RM)
|
Batting: RHB Salvador Mendoza
|
0-0: Ball 1-0: Ground out 6-3 (Groundball, 6)
|
Batting: RHB Peyton Pennington
|
0-0: SINGLE (Groundball, 34D)
|
Batting: RHB Jaime Spiridon
|
0-0: Called Strike Peyton Pennington steals 2nd base 0-1: Fly out, F6 (Line Drive, 6)
|
Top of the 8th over - 0 run(s), 1 hit(s), 0 error(s), 1 left on base; Memphis 2 - Beaumont 2 |
BOTTOM OF THE 8TH |
Beaumont Roughnecks batting - Pitching for Memphis Blues : RHP David Bates
|
Batting: LHB Cam Flowers
|
0-0: Ball 1-0: Foul Ball, location: 2F 1-1: Called Strike 1-2: Ball 2-2: Ball 3-2: Foul Ball, location: 2F 3-2: Foul Ball, location: 2F 3-2: Base on Balls
|
Batting: RHB Benjamin Lawson
|
0-0: Ball 1-0: Called Strike 1-1: Swinging Strike 1-2: Fielders Choice at 2nd, 3-6 (Groundball, 3)
|
Pitching: RHP Larry West
|
|
Batting: RHB Miguel Costa
|
0-0: Swinging Strike 0-1: Foul Ball, location: 2F 0-2: Ball 1-2: Strikes out swinging
|
Batting: RHB Franklin Lawrence
|
0-0: Fielders Choice at 2nd, 6-4 (Groundball, 56)
|
Bottom of the 8th over - 0 run(s), 0 hit(s), 0 error(s), 0 left on base; Memphis 2 - Beaumont 2 |
TOP OF THE 9TH |
Memphis Blues batting - Pitching for Beaumont Roughnecks : RHP José Salinas
|
Pitching: RHP Grady Connolly
|
|
Batting: RHB Sadao Kato
|
0-0: Ball 1-0: Ball 2-0: Ball 3-0: Base on Balls
|
Pinch Runner at 1st José Cabral:
|
|
Batting: RHB Glenn Melican
|
0-0: Ball 1-0: Called Strike 1-1: Foul Ball, location: 2F 1-2: Foul Ball, location: 2F 1-2: Ball 2-2: Foul Ball, location: 2F 2-2: Foul Ball, location: 2F 2-2: Ball 3-2: Base on Balls José Cabral to second
|
Batting: LHB John Foster
|
0-0: Ball 1-0: Called Strike José Cabral steals 3rd base Glenn Melican to second 1-1: Foul Ball, location: 2F 1-2: Ball 2-2: Strikes out swinging
|
Batting: LHB Mark Folger
|
0-0: Ball 1-0: Ball 2-0: Called Strike 2-1: Swinging Strike 2-2: Foul Ball, location: 2F 2-2: Strikes out swinging
|
Batting: LHB Alan McGilroy
|
0-0: Foul Ball, location: 2F 0-1: Called Strike 0-2: Ball 1-2: Ball 2-2: Ball 3-2: Foul Ball, location: 2F 3-2: Base on Balls
|
Batting: RHB Chase Mueller
|
0-0: Ball 1-0: Called Strike 1-1: Foul Ball, location: 2F 1-2: Foul Ball, location: 2F 1-2: Strikes out swinging
|
Top of the 9th over - 0 run(s), 0 hit(s), 0 error(s), 3 left on base; Memphis 2 - Beaumont 2 |
BOTTOM OF THE 9TH |
Beaumont Roughnecks batting - Pitching for Memphis Blues : RHP Larry West
|
Batting: RHB Albert Alemán
|
0-0: Called Strike 0-1: Ball 1-1: Ball 2-1: Ball 3-1: Foul Ball, location: 2F 3-2: Strikes out swinging
|
Batting: RHB Darwin Crane
|
0-0: Foul Ball, location: 2F 0-1: Ball 1-1: Ground out 6-3 (Groundball, 6)
|
Batting: LHB Tony Rivera
|
0-0: Ball 1-0: Ball 2-0: Ball 3-0: Base on Balls
|
Batting: RHB Jeff Mason
|
0-0: Ball 1-0: Ball Wild Pitch! Tony Rivera to second 2-0: Ground out 6-3 (Groundball, 6)
|
Bottom of the 9th over - 0 run(s), 0 hit(s), 0 error(s), 1 left on base; Memphis 2 - Beaumont 2 |
TOP OF THE 10TH |
Memphis Blues batting - Pitching for Beaumont Roughnecks : RHP Grady Connolly
|
Pinch Hitting: RHB Jorge Domínguez
|
0-0: Called Strike 0-1: Called Strike 0-2: Ball 1-2: Fly out, F7 (Flyball, 7LM)
|
Pinch Hitting: LHB Raúl García
|
0-0: Ball 1-0: Foul Ball, location: 2F 1-1: Ball 2-1: Ground out U3 (Groundball, 3L)
|
Batting: RHB Jaime Spiridon
|
0-0: Ball 1-0: SINGLE (Groundball, 56D)
|
Batting: RHB José Cabral
|
0-0: Called Strike 0-1: Ball 1-1: Foul Ball, location: 2F 1-2: Strikes out swinging
|
Top of the 10th over - 0 run(s), 1 hit(s), 0 error(s), 1 left on base; Memphis 2 - Beaumont 2 |
BOTTOM OF THE 10TH |
Beaumont Roughnecks batting - Pitching for Memphis Blues : RHP Larry West
|
Now at C: David Crespo
|
|
Now in CF: Jorge Domínguez
|
|
Batting: RHB Anthony Hezell
|
0-0: Called Strike 0-1: Called Strike 0-2: SOLO HOME RUN (Flyball, 8LXD) (Inside the Park)
|
Thursday, March 30th, 2017 - OOTP Baseball 17.12 Build 75
|
|